 Dungeon Crawl Stone Soup version 0.29.1-13-g9f3cf754e1 (webtiles) character file.

Game seed: 12153852841997301266

62 DemonSlayer the Digger (level 3, -22/24 HPs)
             Began as a Demonspawn Earth Elementalist on Feb 1, 2023.
             Killed by an exploding hound (30 damage)
             ... ignited by their inner flame
             ... on level 3 of the Dungeon.
             The game lasted 00:03:54 (2608 turns).

DemonSlayer the Digger (DsEE)                       Turns: 2608, Time: 00:03:56

Health: -22/24     AC:  2    Str: 16    XL:     3   Next: 85%
Magic:  7/7        EV: 14    Int: 16    God:
Gold:   49         SH:  4    Dex: 13    Spells: 3/7 levels left

rFire   . . .      SeeInvis .   e - +0 dagger
rCold   . . .      Faith    .   (no shield)
rNeg    . . .      Spirit   .   a - +0 robe
rPois   .          Reflect  .   (helmet restricted)
rElec   .          Harm     .   (no cloak)
rCorr   .          Rampage  .   (no gloves)
Will    .....                   (no boots)
Stlth   ++........              n - amulet of regeneration
HPRegen 0.88/turn               q - +6 ring of strength
MPRegen 0.10/turn               (no ring)

@: mighty, about to teleport, unable to read
A: repulsion field 1, horns 1, large bone plates 1, inability to read after
injury 1
a: no special abilities


You were on level 3 of the Dungeon.
You visited 1 branch of the dungeon, and saw 4 of its levels.

You collected 49 gold pieces.

Inventory:

Hand Weapons
 e - a +0 dagger (weapon)
Armour
 a - a +0 robe (worn)
Jewellery
 n - an amulet of regeneration (around neck)
 q - a +6 ring of strength (left hand)
Scrolls
 c - a scroll of poison
 d - a scroll of acquirement {unknown}
 f - a scroll of immolation
 g - a scroll of summoning {unknown}
 i - 3 scrolls of teleportation
 j - a scroll of blinking {unknown}
 k - a scroll of noise {unknown}
 l - 2 scrolls of identify
 m - a scroll of enchant armour {unknown}
 o - a scroll of silence {unknown}
 r - a scroll of enchant weapon {unknown}
Potions
 h - a potion of might
 p - a potion of resistance {unknown}
 s - a potion of flight {unknown}


   Skills:
 + Level 0.4 Short Blades
 + Level 2.1 Dodging
 + Level 2.2 Stealth
 + Level 2.9 Spellcasting
 + Level 0.8 Transmutations
 + Level 3.2 Earth Magic


You had 3 spell levels left.
You knew the following spells:

 Your Spells              Type           Power      Damage    Failure   Level
a - Sandblast             Erth           24%        2d8       4%          1
b - Stone Arrow           Conj/Erth      14%        3d7       28%         3

Your spell library contained the following spells:

 Spells                   Type           Power      Damage    Failure   Level
 Passwall                 Tmut/Erth      6%         N/A       12%         2
 Ozocubu's Armour         Ice            2%         N/A       50%         3
 Petrify                  Tmut/Erth      8%         N/A       63%         4
 Ozocubu's Refrigeration  Ice            1%         4d7       100%        7


Dungeon Overview and Level Annotations

Branches:
Dungeon (4/15)
 Temple: D:4-7

Altars:

Shops:
D:3 (

Annotations:
D:3 Grinder
D:4 Ijyb


Innate Abilities, Weirdness & Mutations

You are surrounded by a mild repulsion field. (EV +2)
You have a pair of small horns on your head.
You are partially covered in large bone plates. (SH +4)
You occasionally lose the ability to read scrolls when taking damage.


Message History

You're too confused to cast spells.
You're too confused to cast spells.
You barely miss the hound.
You feel less confused. The hound bites you. The quokka misses you.
It was a potion of mutation.
You feel extremely strange. A pair of horns grows on your head!
You occasionally lose the ability to read scrolls when taking damage.
Large bone plates grow over parts of your arms.
The hound bites you. The quokka bites you. The hound barely misses you.
As you read the scroll labelled JUDDYFO GIROB, it crumbles to dust.
The creatures around you are filled with an inner flame!
It was a scroll of immolation.
The quokka bites you. The hound closely misses you.
As you read the scroll labelled AKERIS IXAASOO, it crumbles to dust.
It is a scroll of identify.
c - a scroll of poison The quokka completely misses you.
The hound bites you. You block the hound's attack. The quokka misses you.
As you read the scroll labelled DETUEWUEGA, it crumbles to dust.
You feel strangely unstable.
It was a scroll of teleportation.
You block the hound's attack. The quokka barely misses you.
You hit the hound but do no damage. Your headbutt misses the hound.
The hound barely misses you. The quokka bites you. The hound bites you.
* * * LOW HITPOINT WARNING * * *
Unknown command.
You hit the hound.
Flame seeps out of the hound. x2; You headbutt the hound.
The hound is moderately wounded.
You block the quokka's attack.
The hound is engulfed in blazing flames.
Flame seeps out of the hound.
You block the hound's attack.
Unknown command.
It was a potion of might.
You feel very mighty all of a sudden.
The hound is engulfed in blazing flames.
The hound explodes!
The fiery explosion engulfs you!!
You feel threatened and lose the ability to read scrolls!
Ouch! That really hurt!
You die...

##########.###.#.......#
.......<##.>...†....##.#
#######.##.)÷.########.##
#.##.#.########...###
#..)............#....
#............##...###
##÷##.#.#####.###.##
#######..§#r#.#####.###.#
#....5)...○@#......#.##.#
#.#####..§#########.###.####
#.# ##.#.....####.........
#.# #.#.###.......)..####
#.######.#.# ######.#####
#..<.......# #.# .
#.######.### #.# #.####.#
#.##########.# #......#
#............#


You could see Grinder and a quokka (inner flame).

Vanquished Creatures
  A hound (D:3)
  A gnoll (D:1)
  2 dart slugs
  5 ball pythons
  6 endoplasms
  A giant cockroach (D:3)
  7 hobgoblins
  2 jackals (D:2)
  A kobold (D:2)
  A quokka (D:1)
  2 bats (D:1)
  2 frilled lizards
  8 goblins
  7 rats
46 creatures vanquished.

Notes
Turn   | Place    | Note
-------+----------+-------------------------------------------
     0 | D:1      | DemonSlayer the Demonspawn Earth Elementalist began the
                  | quest for the Orb.
     0 | D:1      | Reached XP level 1. HP: 13/13 MP: 3/3
   204 | D:1      | Gained mutation: You are surrounded by a mild repulsion
                  | field. (EV +2) [demonic ancestry]
   204 | D:1      | Reached XP level 2. HP: 19/19 MP: 0/5
   606 | D:1      | Reached skill level 3 in Earth Magic
   789 | D:1      | Reached XP level 3. HP: 24/24 MP: 3/6
  1457 | D:1      | Learned a level 3 spell: Stone Arrow
  1815 | D:2      | Found a faded altar of an unknown god.
  2397 | D:3      | Found Senge's Weapon Shoppe.
  2561 | D:3      | Noticed Grinder
  2566 | D:3      | Paralysed by Grinder for 3 turns
  2590 | D:4      | Noticed Ijyb
  2602 | D:3      | Gained mutation: You have a pair of small horns on your
                  | head. [potion of mutation]
  2602 | D:3      | Gained mutation: You occasionally lose the ability to read
                  | scrolls when taking damage. [potion of mutation]
  2602 | D:3      | Gained mutation: You are partially covered in large bone
                  | plates. (SH +4) [potion of mutation]
  2608 | D:3      | Killed by an exploding hound... ignited by their inner
                  | flame

Illustrated notes

Levels and vault maps discovered:
D:1:      dpeg_arrival_circle_labyrinth_c, layout_loops_ring, roderic_lattice_a
D:2:      layout_basic, shapermc_ecumenical_altar_flowoftime
D:3:      layout_loops_ring, serial_shops, nicolae_shop_bloodbath_and_beyond,
          nicolae_lakefront_shop, uniq_crazy_yiuf_cottage, uniq_grinder
D:4:      kennysheep_big_flooded_room, layout_basic,
          nicolae_overflow_hidden_temple, minmay_temple_entry_hall, uniq_pikel,
          uniq_robin, uniq_ijyb

Skill      XL: |  1  2  3 |
---------------+----------+-----
Dodging        | 2 |  2.1
Earth Magic    | 3 |  3.2
Stealth        | 2 |  2.2
Short Blades   | |  0.4
Spellcasting   | |  2.9
Transmutations | |  0.8

Action                   || total
-------------------------++-------
Melee: Dagger            ||    16
       Headbutt          ||     1
 Cast: Sandblast         ||    54
  Use: Potion            ||     3
       Scroll            ||     3
 Stab: Sleeping          ||     5
Armor: Robe              ||     6
Dodge: Dodged            ||    32
Block: Other             ||     4
